Map: Cosmic Sapphire

Players

Classic - Winner!

  • Race: Protoss Protoss
  • Spawn Location: 5:00

Zoun

  • Race: Protoss Protoss
  • Spawn Location: 11:00

VOD

Have the link to the VOD?

Description

Time

  • Played on: Oct. 20, 2022, 6:20 a.m.
  • Length: 10:50
Show
View Real Time Build Order
Export as new Build Order

Classic Protoss - Winner!

Build Orders:  

Get SALT Encoding   

  12  0:00  Probe  
  13  0:12  Probe  
  14  0:17  Pylon  
  14  0:24  Probe  
  15  0:35  Gateway  
  15  0:36  Probe (Chrono Boost)  
  16  0:46  Probe (Chrono Boost), Assimilator  
  17  0:51  Probe (Chrono Boost)  
  18  0:58  Assimilator  
  18  1:03  Probe (Chrono Boost)  
  19  1:09  Gateway  
  20  1:12  Probe (Chrono Boost)  
  20  1:17  Probe (Chrono Boost)  
  21  1:26  Cybernetics Core  
  21  1:29  Probe  
  22  1:35  Pylon  
  22  1:41  Probe  
  23  1:53  Probe  
  24  2:00  Warp Gate (Chrono Boost)  
  24  2:02  Stalker  
  24  2:03  Stalker  
  28  2:12  Pylon  
  28  2:27  Robotics Facility  
  28  2:35  Stalker x2  
  32  2:44  Shield Battery  
  32  2:50  Pylon  
  32  2:57  Gateway  
  36  3:15  Warp Prism (Chrono Boost)  
  34  3:40  Pylon  
  33  3:48  Stalker  
  33  3:49  Stalker  
  33  3:51  Stalker  
  39  4:18  Stalker x3  
  39  4:23  Probe  
  44  4:49  Stalker  
  44  4:50  Stalker x2  
  50  4:55  Pylon  
  50  5:02  Probe  
  51  5:15  Sentry x2  
  55  5:30  Stalker  
  57  5:36  Pylon  
  57  5:50  Sentry x2  
  57  5:54  Stalker  
  57  6:23  Nexus  
  57  6:37  Observer  
  58  6:44  Stargate  
  58  6:51  Stalker  
  60  7:01  Stalker  
  62  7:06  Pylon  
  62  7:18  Probe  
  63  7:26  Phoenix (Chrono Boost)  
  65  7:34  Probe  
  66  7:39  Probe  
  66  7:42  Phoenix  
  65  7:58  Stalker x2  
  65  7:59  Stalker  
  65  8:05  Pylon  
  71  8:07  Phoenix  
  73  8:13  Probe  
  74  8:21  Adept  
  74  8:22  Adept x2  
  79  8:31  Shield Battery, Observer  
  79  8:33  Pylon  
  80  8:44  Adept x3  
  86  8:53  Probe  
  87  9:02  Adept x3  
  93  9:05  Probe  
  74  9:17  Adept x2, Zealot  
  74  9:21  Gateway  
  74  9:23  Pylon  
  80  9:26  Phoenix (Chrono Boost), Observer  
  82  9:38  Adept x2  
  86  9:39  Adept  
  88  9:56  Gateway  
  88  10:03  Zealot x3  
  98  10:14  Pylon  
  98  10:25  Zealot x4  
Show
View Real Time Build Order
Export as new Build Order

Zoun Protoss 

Build Orders: Oracle Opening 

Get SALT Encoding   

  12  0:00  Probe  
  13  0:12  Probe  
  14  0:17  Pylon  
  14  0:24  Probe (Chrono Boost)  
  15  0:36  Probe (Chrono Boost)  
  15  0:37  Gateway  
  16  0:44  Probe (Chrono Boost)  
  16  0:47  Assimilator  
  17  0:51  Probe  
  17  0:54  Assimilator  
  18  1:03  Probe (Chrono Boost)  
  19  1:07  Gateway  
  19  1:13  Probe (Chrono Boost)  
  19  1:18  Probe (Chrono Boost)  
  20  1:24  Cybernetics Core  
  21  1:29  Probe  
  22  1:35  Pylon  
  22  1:41  Probe  
  23  1:54  Probe  
  24  2:02  Stargate  
  24  2:09  Adept x2  
  24  2:12  Warp Gate  
  28  2:21  Pylon  
  28  2:39  Adept x2  
  35  3:05  Nexus  
  35  3:16  Pylon  
  35  3:20  Oracle (Chrono Boost)  
  35  3:31  Pylon  
  35  3:34  Shield Battery  
  38  3:56  Robotics Facility  
  38  3:59  Stalker  
  41  4:08  Stalker, Pylon  
  39  4:17  Shield Battery  
  39  4:22  Stalker  
  41  4:34  Stalker  
  39  4:41  Immortal (Chrono Boost)  
  39  4:47  Stalker  
  41  4:58  Sentry  
  43  5:01  Pylon  
  43  5:02  Shield Battery  
  43  5:07  Pylon  
  43  5:24  Immortal  
  47  5:32  Pylon  
  47  5:39  Gateway  
  47  5:53  Gateway  
  47  6:09  Pylon  
  47  6:16  Gateway  
  47  6:18  Robotics Bay  
  47  6:27  Gateway  
  47  6:43  Pylon  
  47  6:56  Pylon  
  47  7:01  Disruptor (Chrono Boost)  
  47  7:06  Stalker  
  52  7:13  Stalker  
  54  7:16  Pylon  
  54  7:24  Sentry  
  54  7:27  Warp Prism (Chrono Boost)  
  61  7:59  Observer  
  61  8:01  Adept x3  
  62  8:24  Immortal (Chrono Boost)  
  62  8:26  Nexus  
  66  8:36  Sentry x2  
  70  9:16  Stalker  
  70  9:23  Pylon  
  70  9:26  Gateway  
  70  9:32  Pylon  
  70  9:37  Observer  
  70  9:39  Stalker  
  70  9:43  Stalker  
  74  9:47  Sentry  
  76  10:22  Adept x2  
  76  10:23  Adept x2  
Tags
 
Add a new tag
Caveats
  • Supply blocks, unpowered buildings, or Contaminate may cause inaccurate times.
  • Supply counts are checked every 10 seconds.